 Dungeon Crawl Stone Soup version 0.29.1-15-g9cfb28693d (webtiles) character file.

Game seed: 5083031727697664524

226 vishdafish the Conjurer (level 5, -1/35 HPs)
             Began as a Demonspawn Conjurer on Mar 29, 2023.
             Killed by miscasting Iskenderun's Mystic Blast (16 damage)
             ... on level 4 of the Dungeon.
             The game lasted 00:05:04 (2597 turns).

vishdafish the Conjurer (Demonspawn Conjurer)       Turns: 2597, Time: 00:05:05

Health: -1/35      AC:  5    Str:  7    XL:     5   Next: 69%
Magic:  0/11       EV: 12    Int: 21    God:
Gold:   109        SH:  0    Dex: 15    Spells: 3/12 levels left

rFire   + . .      SeeInvis .   m - +8 sling "Cilaoc" {freeze, rF+ Dex+3}
rCold   . . .      Faith    .   (no shield)
rNeg    . . .      Spirit   .   a - +0 robe
rPois   .          Reflect  .   i - +0 helmet
rElec   .          Harm     .   (no cloak)
rCorr   .          Rampage  .   (no gloves)
Will    .....                   (no boots)
Stlth   ++........              (no amulet)
HPRegen 0.11/turn               (no ring)
MPRegen 0.24/turn               (no ring)

@: very slightly contaminated
A: hooves 1, slimy green scales 1, magic regeneration
a: no special abilities


You were on level 4 of the Dungeon.
You visited 1 branch of the dungeon, and saw 4 of its levels.

You collected 109 gold pieces.

Inventory:

Hand Weapons
 g - a +0 club
 j - a +0 short sword
 m - the +8 sling "Cilaoc" (weapon) {freeze, rF+ Dex+3}
   (You found it on level 3 of the Dungeon)

   Any ammunition fired from it freezes those it strikes, dealing additional
   cold damage.
   It can also slow down cold-blooded creatures.
   Dex:       It affects your dexterity (+3).
   rF:        It protects you from fire.
Armour
 a - a +0 robe (worn)
 i - a +0 helmet (worn)
Scrolls
 f - a scroll of enchant armour {unknown}
 h - a scroll of butterflies {unknown}
 k - 4 scrolls of identify {unknown}
 l - a scroll of noise {unknown}
Potions
 b - a potion of haste {unknown}
 c - a potion of berserk rage {unknown}
 d - 2 potions of heal wounds {unknown}
 e - a potion of invisibility {unknown}


   Skills:
 + Level 0.5 Ranged Weapons
 - Level 1.9 Dodging
 - Level 2.0 Stealth
 + Level 4.0 Spellcasting
 + Level 5.5 Conjurations


You had 3 spell levels left.
You knew the following spells:

 Your Spells              Type           Power      Damage    Failure   Level
a - Magic Dart            Conj           100%       1d8       1%          1
b - Fulminant Prism       Conj/Hex       7%         3d7       36%         4
c - Iskenderun's Mystic   Conj/Tloc      15%        2d5       36%         4

Your spell library contained the following spells:

 Spells                   Type           Power      Damage    Failure   Level
 Searing Ray              Conj           54%        2d6       1%          2
 Summon Small Mammal      Summ           16%        N/A       12%         1
 Dazzling Flash           Conj/Hex       30%        N/A       12%         3
 Sublimation of Blood     Necr           4%         N/A       19%         2
 Call Canine Familiar     Summ           4%         N/A       34%         3
 Summon Guardian Golem    Hex/Summ       4%         N/A       34%         3
 Irradiate                Conj/Tmut      7%         3d14      71%         5
 Petrify                  Tmut/Erth      4%         N/A       75%         4


Dungeon Overview and Level Annotations

Branches:
Dungeon (4/15)
 Temple: D:4-7

Altars:
Okawaru

Annotations:
D:2 1 runed translucent door, Crazy Yiuf, Sigmund


Innate Abilities, Weirdness & Mutations

You have large cloven feet.
You are partially covered in slimy green scales. (AC +2)
You regenerate magic rapidly.


Message History

The scorpion stings you. x2
You shoot a sling bullet.
The sling bullet completely misses the scorpion.
The scorpion stings you. x2
You shoot a sling bullet.
The sling bullet closely misses the scorpion.
The scorpion stings you but does no damage.
You shoot a sling bullet.
The sling bullet barely misses the scorpion.
The scorpion stings you. The scorpion misses you.
You are too injured to fight recklessly!
You are too injured to fight recklessly!
Unknown command.
Casting: Magic Dart (safe; 1% risk of failure)
Confirm with . or Enter, or press ? or * to list all spells.
The spell is extremely dangerous to miscast (36% risk of failure)!
Continue anyway? [Y]es or [N]o only, please.
The spell is extremely dangerous to miscast (36% risk of failure)!
Continue anyway?
You miscast Iskenderun's Mystic Blast.
You are very lightly contaminated with residual magic.
Nothing appears to happen.
The scorpion misses you.
Casting: Iskenderun's Mystic Blast (extremely dangerous; 36% risk of failure)
Confirm with . or Enter, or press ? or * to list all spells.
The spell is extremely dangerous to miscast (36% risk of failure)!
Continue anyway?
You miscast Iskenderun's Mystic Blast.
Nothing appears to happen.
The scorpion closely misses you. The scorpion stings you.
Casting: Iskenderun's Mystic Blast (extremely dangerous; 36% risk of failure)
Confirm with . or Enter, or press ? or * to list all spells.
Okay, then.
Fire: m) +8 sling "Cilaoc" {freeze, rF+ Dex+3}
Press: ? - help, Q - select action, (/) - cycle Shift-Dir - straight line, f/p - scorpion
Aim: a scorpion (severely wounded, 65% to hit)
Okay, then.
Okay, then.
The scorpion attacks as you move away! The scorpion misses you.
Casting: Iskenderun's Mystic Blast (extremely dangerous; 36% risk of failure)
Confirm with . or Enter, or press ? or * to list all spells.
The spell is extremely dangerous to miscast (36% risk of failure)!
Continue anyway?
You miscast Iskenderun's Mystic Blast.
Strange energies run through your body!
You die...

#.# #.#.#... ###
#.#.#... ...#
#.#.#..
#...#.#.#..
#..#.#.#.#
#...#.#.#
...#.....#.######
#.....@s....(...
###...###.######
#.#† ..# #.## ..#
# ... .##. .# ..
.# ..


You could see a scorpion.

Vanquished Creatures
  A jelly (D:4)
  2 orc priests
  Natasha (twice) (D:2)
  3 adders (D:3)
  8 orcs (D:3)
  2 endoplasms
  A giant cockroach (D:2)
  3 goblins
  4 hobgoblins
  4 jackals
  2 ball pythons
  7 bats
  3 frilled lizards
  6 kobolds
  9 rats
57 creatures vanquished.

Vanquished Creatures (others)
  A fulminant prism (D:3)
1 creature vanquished.

Grand Total: 58 creatures vanquished

Notes
Turn   | Place    | Note
-------+----------+-------------------------------------------
     0 | D:1      | vishdafish the Demonspawn Conjurer began the quest for the
                  | Orb.
     0 | D:1      | Reached XP level 1. HP: 13/13 MP: 3/3
   498 | D:1      | Gained mutation: You regenerate magic rapidly. [demonic
                  | ancestry]
   498 | D:1      | Reached XP level 2. HP: 19/19 MP: 3/5
   761 | D:1      | Found a faded altar of an unknown god.
   870 | D:2      | Found a runed translucent door.
   871 | D:2      | Noticed Crazy Yiuf
   984 | D:2      | Noticed Natasha
   988 | D:2      | Killed Natasha
   989 | D:2      | Reached XP level 3. HP: 16/24 MP: 1/7
  1199 | D:2      | Noticed Sigmund
  1316 | D:3      | Gained mutation: You are partially covered in slimy green
                  | scales. (AC +2) [demonic ancestry]
  1316 | D:3      | Reached XP level 4. HP: 30/30 MP: 3/8
  1359 | D:3      | Learned a level 4 spell: Fulminant Prism
  1364 | D:3      | Learned a level 4 spell: Iskenderun's Mystic Blast
  1467 | D:2      | Noticed Natasha
  1472 | D:2      | Killed Natasha
  1473 | D:2      | Reached skill level 5 in Conjurations
  1692 | D:3      | Gained mutation: You have large cloven feet. [demonic
                  | ancestry]
  1692 | D:3      | Reached XP level 5. HP: 35/35 MP: 6/10
  2192 | D:3      | Found an iron altar of Okawaru.
  2497 | D:3      | Identified the +8 sling "Cilaoc" {freeze, rF+ Dex+3}
  2597 | D:4      | Killed by miscasting Iskenderun's Mystic Blast

Illustrated notes

Levels and vault maps discovered:
D:1:      nagdon_arrival_double_spiral, layout_basic,
          hellmonk_ecumenical_altar_heavens_door
D:2:      layout_loops_ring, kennysheep_doodads, uniq_sigmund,
          uniq_crazy_yiuf_cottage, uniq_robin, uniq_natasha
D:3:      layout_basic, okawaru_gym_becter
D:4:      layout_basic, serial_shops, shop, uniq_blork_the_orc

Skill      XL: |  1  2  3  4  5 |
---------------+----------------+-----
Stealth        | 2 |  2.0
Spellcasting   | 3 4 |  4.0
Conjurations   | 5 |  5.5
Ranged Weapons | |  0.5
Dodging        | |  1.9

Action                   |  1- 3 |  4- 6 || total
-------------------------+-------+-------++-------
Melee: Unarmed           |     1 |       ||     1
 Fire: Sling             |       |    15 ||    15
 Cast: Magic Dart        |    58 |    52 ||   110
       Fulminant Prism   |       |     1 ||     1
  Use: Potion            |       |     1 ||     1
Armor: Robe              |       |     4 ||     4
Dodge: Dodged            |     2 |    16 ||    18
